Map: 2000 Atmospheres LE

Players

Has - Winner!

  • Race: Protoss Protoss

ExpecT

  • Race: Terran Terran

Event: DreamHack SC2 Masters 2021 Fall

VOD

Have the link to the VOD?

Description

Time

  • Played on: July 30, 2021, 9:17 a.m.
  • Length: 13:07

All games in this series

Show
View Real Time Build Order
Export as new Build Order

Has Protoss - Winner!

Build Orders: Phoenix Opening 

Get SALT Encoding   

  12  0:00  Probe  
  13  0:12  Probe  
  14  0:17  Pylon  
  14  0:24  Probe (Chrono Boost)  
  16  0:36  Gateway, Probe (Chrono Boost)  
  16  0:41  Probe (Chrono Boost)  
  16  0:47  Assimilator  
  17  0:52  Probe  
  18  1:05  Probe  
  19  1:18  Probe  
  20  1:20  Assimilator  
  20  1:23  Zealot  
  22  1:26  Pylon, Cybernetics Core  
  22  1:30  Probe  
  23  1:44  Probe  
  24  1:56  Probe  
  24  2:00  Adept (Chrono Boost)  
  27  2:10  Probe  
  27  2:16  Stargate  
  27  2:22  Probe  
  28  2:25  Warp Gate  
  28  2:31  Nexus  
  28  2:38  Pylon  
  28  2:41  Probe  
  29  2:47  Adept  
  31  2:56  Probe  
  32  3:00  Phoenix (Chrono Boost)  
  34  3:09  Robotics Facility  
  35  3:20  Shield Battery  
  35  3:22  Probe  
  35  3:27  Phoenix (Chrono Boost)  
  37  3:35  Probe  
  38  3:48  Probe  
  38  3:50  Probe  
  40  3:59  Observer (Chrono Boost)  
  40  4:00  Probe  
  40  4:01  Phoenix (Chrono Boost)  
  40  4:02  Probe  
  45  4:12  Probe  
  45  4:16  Pylon  
  46  4:19  Probe  
  46  4:21  Adept  
  46  4:23  Phoenix (Chrono Boost)  
  51  4:25  Probe  
  51  4:31  Probe  
  53  4:37  Probe  
  54  4:38  Pylon  
  54  4:43  Assimilator, Probe  
  54  4:44  Phoenix  
  57  4:45  Assimilator  
  57  4:49  Probe  
  58  4:55  Probe  
  59  5:01  Probe  
  60  5:07  Probe  
  60  5:08  Observer (Chrono Boost)  
  60  5:13  Probe  
  63  5:19  Probe  
  63  5:20  Pylon  
  64  5:23  Immortal (Chrono Boost)  
  64  5:25  Probe  
  69  5:28  Gateway x2  
  69  5:31  Probe  
  69  5:32  Robotics Bay  
  70  5:35  Shield Battery  
  70  5:39  Phoenix  
  72  5:47  Pylon  
  72  6:00  Nexus  
  72  6:03  Pylon  
  72  6:12  Probe x2  
  72  6:18  Twilight Council  
  74  6:19  Phoenix  
  78  6:27  Colossus (Chrono Boost)  
  78  6:31  Sentry  
  78  6:32  Stalker  
  84  6:36  Probe  
  84  6:37  Probe  
  84  6:38  Gateway  
  86  6:40  Gateway  
  86  6:41  Pylon  
  86  6:42  Shield Battery  
  86  6:49  Probe  
  86  6:52  Charge (Chrono Boost), Probe  
  88  6:57  Observer  
  88  6:59  Zealot x3  
  94  7:02  Phoenix  
  94  7:07  Probe  
  94  7:08  Probe  
  98  7:13  Colossus (Chrono Boost)  
  98  7:21  Probe  
  98  7:22  Probe  
  106  7:27  Probe  
  106  7:28  Assimilator  
  107  7:31  Forge  
  107  7:35  Templar Archives  
  107  7:39  Phoenix  
  109  7:45  Pylon  
  109  7:46  Zealot x3  
  115  7:52  Pylon  
  115  7:59  Pylon  
  115  8:00  Pylon  
  115  8:01  Colossus (Chrono Boost)  
  115  8:04  Probe x2  
  115  8:05  Probe  
  124  8:09  Pylon  
  124  8:23  High Templar x2, Zealot x2  
  124  8:24  Zealot  
  134  8:27  Gateway x2  
  134  8:33  Protoss Ground Weapons Level 1 (Chrono Boost), Probe x2  
  136  8:34  Assimilator  
  136  8:35  Archon  
  136  8:45  Pylon  
  136  8:46  Forge  
  136  8:53  Zealot x3  
  136  9:06  High Templar  
  136  9:07  High Templar  
  140  9:11  Archon  
  140  9:13  Zealot x3  
  134  9:30  Extended Thermal Lance (Chrono Boost)  
  120  9:32  Probe  
  120  9:36  Observer  
  117  9:39  Zealot x6  
  117  9:40  Protoss Ground Armor Level 1 (Chrono Boost), Stalker  
  132  9:45  Probe  
  128  9:53  Probe x2  
  128  9:55  Blink (Chrono Boost)  
  130  10:03  High Templar x2  
  130  10:04  High Templar x2, Zealot  
  130  10:05  Zealot x2  
  130  10:06  Nexus  
  144  10:07  Pylon  
  144  10:08  Archon  
  144  10:09  Archon  
  144  10:15  Probe x2  
  144  10:16  Probe  
  144  10:18  Observer (Chrono Boost)  
  144  10:19  Protoss Ground Weapons Level 2 (Chrono Boost)  
  147  10:34  Stalker x3  
  153  10:36  Stalker x3, Zealot  
  161  10:46  Assimilator x2  
  161  10:48  Pylon, Gateway  
  161  10:58  Zealot  
  161  10:59  Zealot x5  
  161  11:03  Pylon  
  173  11:05  Pylon  
  173  11:09  Stalker  
  174  11:21  Stalker x4  
  174  11:22  Stalker x2  
  118  11:40  Zealot  
  118  11:41  Disruptor (Chrono Boost)  
  118  11:46  Zealot x5  
  118  11:47  Zealot x2  
  127  11:53  Robotics Facility  
  127  11:59  Observer  
  127  12:02  High Templar  
  127  12:06  High Templar x3  
  127  12:07  Zealot x3  
  127  12:08  Zealot  
  143  12:11  Archon x2  
  143  12:24  Zealot x2  
  143  12:25  Disruptor  
  150  12:34  Zealot x2  
  146  12:41  Zealot x4  
  138  12:46  Zealot x2  
Show
View Real Time Build Order
Export as new Build Order

ExpecT Terran 

Build Orders:  

Get SALT Encoding   

  12  0:00  SCV  
  13  0:12  SCV  
  14  0:16  Supply Depot  
  14  0:24  SCV  
  15  0:38  SCV  
  15  0:39  Barracks  
  16  0:45  Refinery  
  16  0:50  SCV  
  17  1:02  SCV  
  18  1:04  Engineering Bay  
  18  1:14  SCV  
  19  1:28  Marine, Orbital Command  
  20  1:32  Supply Depot  
  20  1:53  Factory  
  20  1:55  SCV  
  21  2:09  SCV  
  21  2:13  Barracks Reactor  
  22  2:19  Supply Depot  
  22  2:21  SCV  
  23  2:35  SCV  
  23  2:37  Command Center  
  24  2:45  Starport  
  24  2:49  Refinery, SCV  
  25  2:57  Hellion x2  
  29  3:01  SCV  
  30  3:13  SCV  
  30  3:16  Supply Depot  
  31  3:25  Widow Mine x2  
  31  3:26  SCV  
  36  3:27  Medivac  
  36  3:32  Barracks Tech Lab  
  38  3:42  SCV  
  38  3:47  Widow Mine x2  
  43  3:54  SCV  
  39  4:02  Viking  
  41  4:06  SCV  
  41  4:07  Barracks  
  42  4:16  Marine x2  
  44  4:17  Cyclone  
  44  4:18  Orbital Command  
  44  4:19  SCV  
  48  4:31  SCV  
  49  4:37  Marine x2  
  51  4:43  SCV  
  52  4:47  Viking  
  52  4:48  SCV  
  52  4:51  Supply Depot  
  55  4:55  SCV  
  56  5:00  SCV  
  56  5:01  Marine x2  
  59  5:07  SCV  
  59  5:11  Barracks Tech Lab  
  59  5:13  Cyclone  
  63  5:15  Supply Depot, SCV  
  63  5:19  SCV  
  65  5:21  Marine x2  
  65  5:25  Viking  
  65  5:27  SCV  
  70  5:31  Stimpack  
  70  5:32  Supply Depot  
  70  5:36  Marine, SCV  
  70  5:37  Engineering Bay  
  70  5:39  SCV  
  70  5:42  Barracks  
  73  5:46  Siege Tank  
  73  5:48  SCV  
  73  5:49  Marine  
  78  5:53  Marine  
  78  5:55  Supply Depot, SCV  
  76  5:58  Supply Depot  
  76  6:02  Marine  
  76  6:03  Starport Reactor  
  77  6:06  Marine  
  77  6:07  SCV  
  79  6:11  Marine  
  79  6:13  Refinery  
  79  6:14  Refinery  
  79  6:15  Terran Infantry Weapons Level 1  
  79  6:17  SCV  
  81  6:19  SCV  
  81  6:21  Supply Depot  
  80  6:29  SCV  
  80  6:31  SCV  
  82  6:41  SCV, Factory Reactor  
  82  6:43  SCV  
  82  6:44  Marine  
  82  6:45  Marine x3  
  88  6:52  Command Center  
  82  6:55  Medivac x2  
  86  7:02  Combat Shield  
  86  7:03  Barracks  
  86  7:05  Barracks  
  86  7:11  Marine x2, Marauder  
  86  7:12  Marauder  
  91  7:17  Supply Depot  
  91  7:19  Widow Mine x2  
  95  7:33  Marine  
  95  7:34  Marine, Marauder x2  
  101  7:38  Supply Depot  
  101  7:40  Supply Depot  
  101  7:41  Widow Mine x2  
  105  7:44  SCV x2  
  105  7:49  Medivac x2  
  111  7:54  Barracks Reactor, Barracks Tech Lab  
  111  7:55  Marine x2  
  111  7:56  Marauder x2  
  117  7:59  Supply Depot  
  117  8:00  Supply Depot  
  117  8:03  Concussive Shells  
  117  8:05  Widow Mine x2  
  121  8:08  SCV  
  122  8:14  Marine x2, Marauder  
  122  8:15  SCV  
  122  8:16  Marine  
  124  8:23  Marauder  
  124  8:24  SCV  
  127  8:28  Orbital Command  
  127  8:31  SCV  
  127  8:32  Marine  
  129  8:37  Marine x2, Marauder  
  133  8:42  Widow Mine x2  
  133  8:44  SCV x2  
  139  8:50  Marine, Marauder x2  
  139  8:54  Supply Depot  
  139  8:55  Terran Infantry Armor Level 1  
  144  8:59  Marine  
  144  9:00  Marauder  
  138  9:04  Marine  
  138  9:08  SCV x3  
  142  9:12  Starport, Marauder  
  142  9:15  Marine x2, Marauder  
  148  9:20  SCV  
  148  9:21  Marauder  
  141  9:29  Marine x2  
  141  9:31  Viking x2  
  139  9:33  Marauder  
  139  9:37  Marauder  
  141  9:46  Marine  
  141  9:47  Marauder  
  141  9:51  Marine x2  
  141  9:52  Marine  
  131  9:53  Viking x2  
  131  9:55  Marauder  
  131  9:56  SCV x3  
  131  9:58  Marauder  
  142  10:03  Refinery x2  
  142  10:06  Ghost Academy  
  142  10:07  Viking x2  
  142  10:12  Marine, Marauder  
  149  10:23  Viking  
  149  10:24  Viking, Missile Turret  
  152  10:37  Viking  
  152  10:38  Enhanced Shockwaves  
  152  10:39  Ghost x2, Missile Turret  
  158  10:45  Missile Turret  
  158  10:49  Viking  
  160  10:53  Marine, Viking  
  160  10:54  Marine x3, Ghost  
  167  11:05  Supply Depot  
  167  11:06  Supply Depot  
  167  11:10  Viking  
  167  11:11  Viking  
  171  11:14  Ghost  
  172  11:21  Marine x3, Marauder  
  172  11:27  Marauder  
  137  11:39  Marine  
  113  11:40  Marine x3  
  113  11:43  Marauder x2  
  113  11:45  Medivac  
  113  11:46  Medivac  
  125  11:48  Marauder  
  127  11:57  Marine  
  128  12:01  Marine  
  128  12:02  Marine x2  
  128  12:04  Marauder x2  
  135  12:12  Ghost  
  137  12:20  Marine x2  
  137  12:21  Marine  
  137  12:22  Marine  
  141  12:25  Ghost  
  141  12:26  Marauder  
  140  12:38  Marine x3  
  140  12:41  Marauder  

Tags
 
Add a new tag
Caveats
  • Supply blocks, unpowered buildings, or Contaminate may cause inaccurate times.
  • Supply counts are checked every 10 seconds.